 Dungeon Crawl Stone Soup version 0.28.0-53-g5a82cb258f (webtiles) character file.

Game seed: 6436175914597748300

10696 Godmorgon the Basher (level 11, -1/101 HPs)
             Began as a Minotaur Fighter on Aug 20, 2022.
             Was an Elder of Okawaru.
             Slain by a komodo dragon (21 damage)
             ... on level 2 of the Lair of Beasts.
             The game lasted 00:50:13 (13125 turns).

Godmorgon the Basher (Minotaur Fighter)            Turns: 13125, Time: 00:50:14

Health: -1/101     AC: 17    Str: 29    XL:     11   Next: 39%
Magic:  5/13       EV: 12    Int:  5    God:    Okawaru [****..]
Gold:   485        SH: 12    Dex: 16    Spells: 10/10 levels left

rFire   + . .      SeeInvis .   a - +1 flail (vorpal)
rCold   . . .      Faith    .   F - +0 kite shield
rNeg    . . .      Spirit   .   t - +3 chain mail
rPois   .          Reflect  .   (helmet restricted)
rElec   .          Harm     .   (no cloak)
rCorr   +          Rampage  .   B - +0 pair of gloves
Will    .....                   J - +0 pair of boots of Mauhaneh {rF+ Str+4}
Stlth   ..........              (no amulet)
HPRegen 0.26/turn               D - +6 ring of dexterity
MPRegen 0.13/turn               c - ring of resist corrosion

@: heroic, finesse-ful
A: horns 2, retaliatory headbutt
a: Renounce Religion, Heroism, Finesse


You were on level 2 of the Lair of Beasts.
You worshipped Okawaru.
Okawaru was greatly pleased with you.
You visited 3 branches of the dungeon, and saw 12 of its levels.
You also visited: Sewer.

You collected 582 gold pieces.
You spent 97 gold pieces at shops.

Inventory:

Hand Weapons
 a - a +1 vorpal flail (weapon)
 b - a +2 whip of venom
Missiles
 j - 92 poisoned darts (quivered)
 n - a throwing net
 p - 4 curare-tipped darts
 u - 3 boomerangs of dispersal
 x - 3 datura-tipped darts
 y - 6 javelins
Armour
 h - a +0 pair of boots
 t - a +3 chain mail (worn)
 B - a +0 pair of gloves (worn)
 F - a +0 kite shield (worn)
 J - the +0 pair of boots of Mauhaneh (worn) {rF+ Str+4}
   (You found it on level 2 of the Lair of Beasts)

   Str:       It affects your strength (+4).
   rF:        It protects you from fire.
Jewellery
 c - a ring of resist corrosion (right hand)
 D - a +6 ring of dexterity (left hand)
Wands
 f - a wand of iceblast (7)
 C - a wand of polymorph (5)
 G - a wand of mindburst (2)
Scrolls
 e - 2 scrolls of enchant armour {unknown}
 k - 2 scrolls of blinking {unknown}
 l - 2 scrolls of torment {unknown}
 o - a scroll of fear
 q - 2 scrolls of noise {unknown}
 s - 3 scrolls of fog
 w - 2 scrolls of teleportation
 E - a scroll of enchant weapon {unknown}
 H - 3 scrolls of immolation
 I - 2 scrolls of magic mapping {unknown}
Potions
 d - 3 potions of might
 g - 4 potions of heal wounds
 i - 2 potions of haste {unknown}
 m - 2 potions of ambrosia
 r - 3 potions of magic
 v - 5 potions of curing
 z - a potion of degeneration {unknown}
 A - a potion of mutation {unknown}
 K - a potion of berserk rage {unknown}


   Skills:
 + Level 10.9(15.9) Fighting
 + Level 14.3(19.3) Maces & Flails
 - Level 6.0(11.0) Throwing
 + Level 5.3(10.3) Armour
 + Level 3.3(8.3) Dodging
 * Level 6.8(11.8) Shields
 * Level 5.2 Invocations


You had 10 spell levels left.
You didn't know any spells.
Your spell library was empty.

Dungeon Overview and Level Annotations

Branches:
Dungeon (9/15)             Temple (1/1) D:6            Lair (2/6) D:8
  Sewer (visited)
  Swamp: Lair:2-4    Shoals: Lair:2-4     Snake: Lair:2-4    Spider: Lair:2-4
    Orc: D:9-12

Altars:
Ashenzari
Dithmenos
Elyvilon
Gozag
Kikubaaqudgha
Makhleb
Nemelex Xobeh
Okawaru
Qazlal
Ru
Trog
Uskayaw
Vehumet
Wu Jian
Xom
Yredelemnul
Zin
The Shining One

Shops:
D:7 *

Annotations:
D:5 3 runed translucent doors, Valamore's ghost, novice MiGl


Innate Abilities, Weirdness & Mutations

You have a pair of horns on your head.
You reflexively headbutt those who attack you in melee.


Message History

The blink frog is heavily wounded.
You sock the blink frog!
You kill the blink frog!
Okawaru accepts your kill.
Things that are here:
a blink frog corpse; a komodo dragon corpse You start resting.
Your hands slow down.
You feel like a meek peon again.
Found a long brass wand.
You hear the loud crackling of a melting archway nearby.
A komodo dragon comes into view.
The komodo dragon hisses angrily.
Found 19 gold pieces.
You gain the combat prowess of a mighty hero.
A blink frog comes into view.
The blink frog moves out of view.
You closely miss the komodo dragon. The komodo dragon bites you!!
* * * LOW HITPOINT WARNING * * *
The blink frog gives a loud, deep croak!
You sock the komodo dragon!
The komodo dragon is heavily wounded.
The komodo dragon bites you.
* * * LOW HITPOINT WARNING * * *
A blink frog comes into view.
You hit the komodo dragon. You headbutt the komodo dragon.
The komodo dragon is heavily wounded.
A blink frog comes into view.
You block the komodo dragon's attack.
You fail to use your ability.
The blink frog croaks.
The blink frog blinks!
The komodo dragon barely misses you.
A blink frog comes into view.
You can now deal lightning-fast blows.
The blink frog gives a loud, deep croak!
The blink frog blinks!
A blink frog comes into view.
The komodo dragon hisses menacingly.
The komodo dragon bites you!!
You die...

#P.FF..# ..§...#
..F...## ##......# ##
.../..# .# #.F...## .##
## ##.l...P## ..#
#.##..@.....# ..###
#..........# ....##
##...........# #....###
##.............
##.....###..............
##...........#.........
#.P.†........#.....#...
#P.....................
##.....................


You could see a komodo dragon and 4 blink frogs.

Vanquished Creatures
  Urug (Lair:2)
  3 cane toads (Lair:1)
  4 komodo dragons
  A kobold demonologist (D:8)
  2 polar bears (Lair:1)
  Grinder (D:4)
  9 blink frogs
  Prince Ribbit (D:7)
  4 yaks (D:7)
  Grum (D:8)
  Duvessa (D:5)
  7 water moccasins
  A sky beast (D:6)
  3 black bears
  7 wolves
  3 ogres
  A phantom (D:6)
  10 kobold brigands
  4 bullfrogs
  A gnoll sergeant (D:6)
  3 scorpions
  A water moccasin skeleton (D:3)
  Dowan (D:5)
  6 killer bees (D:8)
  4 electric eels (Lair:1)
  2 gnoll shamans
  A jelly (D:5)
  5 orc priests
  2 bullfrog zombies
  A centaur skeleton (D:6)
  2 hounds
  An iron imp (D:8)
  Jessica (D:3)
  4 iguanas
  4 orc wizards
  Natasha (thrice) (D:2)
  A killer bee zombie (D:6)
  A hound skeleton (D:4)
  15 gnolls
  5 adders
  2 shadow imps (D:8)
  An ufetubus (D:6)
  2 adder skeletons
  3 worms
  2 dart slugs
  21 orcs
  10 endoplasms
  11 giant cockroaches
  10 goblins
  4 hobgoblins
  33 kobolds
  13 quokkas
  11 ball pythons
  2 bats (D:2)
  7 frilled lizards
  2 goblin skeletons (D:8)
  2 hobgoblin zombies (D:8)
  9 kobold skeletons (D:8)
  11 kobold zombies (D:8)
  2 orc skeletons (D:8)
  An orc zombie (D:8)
  4 rats (D:1)
291 creatures vanquished.

Vanquished Creatures (others)
  3 fungi (Lair:1)
  24 plants (Lair:1)
27 creatures vanquished.

Grand Total: 318 creatures vanquished

Notes
Turn   | Place    | Note
-------+----------+-------------------------------------------
     0 | D:1      | Godmorgon the Minotaur Fighter began the quest for the Orb.
     0 | D:1      | Reached XP level 1. HP: 19/19 MP: 0/0
    99 | D:1      | Reached skill level 3 in Maces & Flails
   198 | D:1      | Reached XP level 2. HP: 21/27 MP: 1/1
   945 | D:2      | Noticed Natasha
   953 | D:2      | Killed Natasha
   954 | D:2      | Reached skill level 4 in Maces & Flails
   954 | D:2      | Reached skill level 1 in Throwing
   954 | D:2      | Reached XP level 3. HP: 24/33 MP: 2/2
  1096 | D:2      | Noticed Natasha
  1101 | D:2      | Killed Natasha
  1102 | D:2      | Reached XP level 4. HP: 41/41 MP: 3/3
  1242 | D:2      | Noticed Natasha
  1253 | D:2      | Killed Natasha
  1565 | D:2      | Reached XP level 5. HP: 46/47 MP: 4/4
  1832 | D:2      | Found a faded altar of an unknown god.
  2026 | D:3      | Reached skill level 5 in Maces & Flails
  2678 | D:3      | Reached skill level 5 in Fighting
  2727 | D:3      | Noticed Jessica
  2733 | D:3      | Killed Jessica
  2734 | D:3      | Reached XP level 6. HP: 38/56 MP: 5/5
  3166 | D:4      | Found a glowing drain.
  3175 | D:4      | Noticed Grinder
  3189 | D:4      | Paralysed by Grinder for 5 turns
  3196 | D:4      | Killed Grinder
  3197 | D:4      | Reached skill level 6 in Maces & Flails
  3428 | Sewer    | Entered a sewer
  3582 | Sewer    | Reached XP level 7. HP: 55/62 MP: 6/6
  3806 | Sewer    | Reached skill level 7 in Maces & Flails
  3934 | D:4      | Found an ornate altar of the Wu Jian Council.
  4617 | D:4      | Found a sparkling altar of Nemelex Xobeh.
  4679 | D:5      | Entered Level 5 of the Dungeon
  4697 | D:5      | Reached skill level 8 in Maces & Flails
  4718 | D:5      | Reached XP level 8. HP: 63/71 MP: 7/7
  4778 | D:5      | Found a runed translucent gate.
  4779 | D:5      | Found a runed translucent gate.
  4780 | D:5      | Found a runed translucent gate.
  4783 | D:5      | Noticed Valamore's ghost (novice MiGl)
  5142 | D:5      | Noticed Duvessa
  5142 | D:5      | Noticed Dowan
  5406 | D:5      | Reached skill level 9 in Maces & Flails
  5904 | D:5      | Found a runed translucent gate.
  5904 | D:5      | Found a runed translucent gate.
  5905 | D:5      | Found a runed translucent gate.
  6055 | D:5      | Killed Duvessa
  6056 | D:5      | Reached skill level 5 in Throwing
  6370 | D:5      | Killed Dowan
  6570 | D:6      | Reached skill level 10 in Maces & Flails
  6681 | D:6      | Reached XP level 9. HP: 81/81 MP: 8/8
  6876 | D:6      | Found a sacrificial altar of Ru.
  6943 | D:6      | Found a staircase to the Ecumenical Temple.
  6952 | Temple   | Entered the Ecumenical Temple
  7211 | Temple   | Became a worshipper of Warmaster Okawaru
  7669 | D:7      | Reached skill level 11 in Maces & Flails
  7982 | D:7      | Found Puuw's Assorted Antiques.
  7993 | D:7      | Bought a scroll labelled VIMUZX DIVO for 25 gold pieces
  7993 | D:7      | Bought a yellow potion for 22 gold pieces
  8041 | D:7      | Found an ancient bone altar of Kikubaaqudgha.
  8119 | D:7      | Found a bloodstained altar of Trog.
  8175 | D:7      | Noticed Prince Ribbit
  8183 | D:7      | Killed Prince Ribbit
  8183 | D:7      | Reached * piety under Okawaru
  8342 | D:7      | Bought a scroll of identify for 50 gold pieces
  8357 | D:8      | Noticed Grum
  8374 | D:7      | Reached skill level 12 in Maces & Flails
  8507 | D:7      | Reached skill level 1 in Invocations
  8757 | D:7      | Reached ** piety under Okawaru
  8762 | D:7      | Reached XP level 10. HP: 81/91 MP: 8/10
  8808 | D:8      | Killed Grum
  8861 | D:8      | Found a glowing golden altar of the Shining One.
  9062 | D:8      | Found a staircase to the Lair.
  9142 | D:8      | Reached skill level 13 in Maces & Flails
  9286 | D:8      | Found an ancient bone altar of Kikubaaqudgha.
  9292 | D:8      | Noticed a smoke demon
  9302 | D:8      | Reached skill level 10 in Fighting
 10114 | Lair:1   | Entered Level 1 of the Lair of Beasts
 10170 | Lair:1   | Noticed an eight-headed hydra
 10180 | D:8      | Reached *** piety under Okawaru
 10193 | D:8      | Reached skill level 1 in Dodging
 10787 | Lair:1   | Reached skill level 5 in Shields
 10810 | Lair:1   | Received a gift from Okawaru
 10811 | Lair:1   | Reached skill level 14 in Maces & Flails
 11064 | Lair:1   | Noticed a cane toad
 11071 | Lair:1   | Killed a cane toad
 11689 | Lair:1   | Reached XP level 11. HP: 89/101 MP: 13/13
 12471 | Lair:2   | Noticed Urug
 12476 | Lair:1   | Reached **** piety under Okawaru
 12484 | Lair:1   | Reached skill level 5 in Armour
 12912 | Lair:2   | Killed Urug
 13019 | Lair:2   | Identified the +0 pair of boots of Mauhaneh {rF+ Str+4}
 13082 | Lair:2   | Reached skill level 5 in Invocations
 13125 | Lair:2   | Slain by a komodo dragon

Illustrated notes

Levels and vault maps discovered:
D:1:      giann_forest_graveyard, layout_basic
D:2:      layout_loops_ring, shapermc_ecumenical_altar_mp_highgroup,
          uniq_natasha
D:3:      layout_basic, uniq_jessica
D:4:      layout_cave_pods, pdpol_wu_jian_five_deadly_venoms,
          nemelex_xobeh_ov_fountains_minmay, cheibrodos_sewer_entry_sluice,
          minivault_23, uniq_grinder
D:5:      layout_loops_ring, gammafunk_ghost_split, uniq_duvessa
D:6:      layout_rooms, mainiacjoe_overflow_tiny_flanked,
          lemuel_temple_firewalk_a
D:7:      layout_cave_pools, mainiacjoe_overflow_surrounded_room,
          general_overflow_altar, serial_shops, shop, uniq_prince_ribbit1
D:8:      wander_kiku_kobolds, layout_rooms, nicolae_tso_besieged_by_evil,
          lair_entry_dummy, uniq_grum
D:9:      layout_long_grid, mainiacjoe_overflow_paths, lemuel_doored_altar,
          chei_slow_surprise, minivault_5, grunt_ministairs_3
Temple:   minmay_temple_bridge_abc
Lair:1:   layout_small_grid, enter_volcano_2, serial_bayou_lake_a
Lair:2:   layout_hall_layers, portal_ice_cave_demonic_guard,
          serial_bayou_shore_b, uniq_urug, uniq_sonja

Skill      XL: |  1  2  3  4  5  6  7  8  9 10 11 |
---------------+----------------------------------+-----
Maces & Flails | 3 4 5 6 8 10 12 14 | 14.3
Fighting       | 4 5 6 7 9 10 | 10.9
Throwing       | 1 2 3 4 5 6 |  6.0
Invocations    | 2 4 5 |  5.2
Shields        | 5 6 |  6.8
Dodging        | 2 3 |  3.3
Armour         | 4 5 |  5.3

Action                   |  1- 3 |  4- 6 |  7- 9 | 10-12 || total
-------------------------+-------+-------+-------+-------++-------
Melee: Flail             |    57 |   107 |   272 |   279 ||   715
       Headbutt          |     5 |    17 |    50 |    45 ||   117
Throw: Stone             |       |     3 |     4 |       ||     7
       Dart              |       |       |    30 |    20 ||    50
Invok: Heroism           |       |       |     3 |    12 ||    15
       Finesse           |       |       |       |     3 ||     3
Evoke: Wand              |       |       |     3 |    22 ||    25
  Use: Potion            |       |     1 |       |     1 ||     2
       Scroll            |       |       |     8 |     3 ||    11
Armor: Scale mail        |    17 |    36 |   117 |    90 ||   260
       Chain mail        |       |       |       |    26 ||    26
Dodge: Dodged            |    29 |    35 |   115 |   125 ||   304
Block: Buckler           |    13 |    16 |    70 |    59 ||   158
       Kite shield       |       |       |       |    74 ||    74
